 Dungeon Crawl Stone Soup version 0.28.0-53-g5a82cb258f (webtiles) character file.

Game seed: 18078803131922652176

110 Peloso the Covered (level 4, 0/40 HPs)
             Began as a Minotaur Fighter on June 11, 2022.
             Slain by a gnoll
             ... wielding a +0 halberd
              (8 damage)
             ... on level 3 of the Dungeon.
             The game lasted 00:03:07 (1998 turns).

Peloso the Covered (Minotaur Fighter)               Turns: 1998, Time: 00:03:07

Health: 0/40       AC:  7    Str: 20    XL:     4   Next: 61%
Magic:  3/3        EV:  9    Int:  5    God:
Gold:   55         SH:  5    Dex: 12    Spells: 3/3 levels left

rFire   . . .      SeeInvis .   a - +0 long sword
rCold   . . .      Faith    .   c - +0 buckler
rNeg    . . .      Spirit   .   b - +0 scale mail
rPois   .          Reflect  .   f - +0 hat {Stlth+}
rElec   .          Harm     .   (no cloak)
rCorr   .          Rampage  .   (no gloves)
Will    .....                   (no boots)
Stlth   +.........              (no amulet)
HPRegen 0.13/turn               (no ring)
MPRegen 0.08/turn               (no ring)

@: no status effects
A: horns 2, retaliatory headbutt
a: no special abilities


You were on level 3 of the Dungeon.
You visited 1 branch of the dungeon, and saw 3 of its levels.

You collected 66 gold pieces.
You spent 11 gold pieces at shops.

Inventory:

Hand Weapons
 a - a +0 long sword (weapon)
Armour
 b - a +0 scale mail (worn)
 c - a +0 buckler (worn)
 f - a +0 hat of stealth (worn)
Wands
 l - a wand of flame (18)
Scrolls
 j - 3 scrolls of identify
 k - a scroll of brand weapon {unknown}
 m - a scroll of vulnerability {unknown}
 n - 2 scrolls of teleportation {unknown}
 o - a scroll of noise
Potions
 d - a potion of might
 e - a potion of curing
 g - a potion of attraction {unknown}
 h - a potion of flight
 i - 2 potions of ambrosia {unknown}


   Skills:
 + Level 4.2 Fighting
 + Level 4.0 Long Blades
 + Level 4.6 Armour
 + Level 0.5 Dodging
 + Level 4.2 Shields


You had 3 spell levels left.
You didn't know any spells.
Your spell library contained the following spells:

 Spells                   Type           Power      Damage    Failure   Level
 Beastly Appendage        Tmut           0%         N/A       88%         1
 Sandblast                Erth           0%         2d4       88%         1
 Passwall                 Tmut/Erth      0%         N/A       96%         2
 Wereblood                Tmut           0%         N/A       96%         2
 Spider Form              Tmut/Pois      0%         N/A       99%         3
 Stone Arrow              Conj/Erth      0%         3d7       99%         3


Dungeon Overview and Level Annotations

Branches:
Dungeon (3/15)

Altars:
The Shining One

Shops:
D:3 *


Innate Abilities, Weirdness & Mutations

You have a pair of horns on your head.
You reflexively headbutt those who attack you in melee.


Message History

You now have 50 gold pieces (gained 10).
You now have 66 gold pieces (gained 16).
Found Wiajij's General Store.
Found an escape hatch in the ceiling.
n - 2 scrolls labelled FEAPNEZOYN (gained 1)
There is an entrance to Wiajij's General Store here.
o - a scroll of noise Thank you for shopping at Wiajij's General Store!
You open the door.
There is an open door here.
Found a glowing golden altar of the Shining One.
A gnoll comes into view. It is wielding a +0 halberd.
The gnoll shouts!
A gnoll comes into view. It is wielding a +0 flail.
The gnoll moves out of view.
A gnoll is nearby!
A gnoll comes into view. It is wielding a +0 spear.
Found a stone staircase leading down.
The gnoll shouts!
The gnoll throws a throwing net.
The throwing net hits you.
You become entangled in the net!
You see here a throwing net.
You struggle against the net.
You struggle against the net.
The gnoll hits you from afar with a +0 halberd.
You struggle against the net.
The gnoll hits you from afar with a +0 halberd.
You struggle against the net.
The gnoll hits you from afar with a +0 halberd!
You struggle against the net.
The gnoll hits you from afar with a +0 halberd.
* * * LOW HITPOINT WARNING * * *
The gnoll hits you from afar with a +0 spear.
* * * LOW HITPOINT WARNING * * *
You rip the net and break free!
You block the gnoll's attack.
The gnoll hits you from afar with a +0 spear.
* * * LOW HITPOINT WARNING * * *
The gnoll hits you with a +0 flail.
* * * LOW HITPOINT WARNING * * *
The gnoll hits you from afar with a +0 halberd!
You die...

#.##.......#<......#.#
###.....####.#.......#.#
...................>...#
...##...####.#..##...###
##.##........#[###.#.#
.#......#.## #.......#
..........# #######.#
........### #...# #<#
......#.######.#@#####
#..............#'.##
.....#..###....g.8.#
.....#...........<.###
....###..##....8.∩.8.#
#..## ##..#...g......#
..##...##.....g..8..##
.#+..#..##.........## #
.#.#..##........#


You could see 3 gnolls.

Vanquished Creatures
  An adder (D:2)
  3 gnolls
  A worm (D:2)
  A dart slug (D:1)
  5 bats
  8 endoplasms
  3 giant cockroaches
  7 goblins
  3 hobgoblins
  11 jackals
  4 kobolds
  A quokka (D:1)
  4 ball pythons
  2 frilled lizards (D:1)
  3 rats (D:1)
57 creatures vanquished.

Notes
Turn   | Place    | Note
-------+----------+-------------------------------------------
     0 | D:1      | Peloso the Minotaur Fighter began the quest for the Orb.
     0 | D:1      | Reached XP level 1. HP: 19/19 MP: 0/0
     2 | D:1      | Noticed a felid
     2 | D:1      | Noticed a demonspawn
     4 | D:1      | Noticed a troll
     4 | D:1      | Noticed a vine stalker
     7 | D:1      | Noticed a dwarf
     9 | D:1      | Noticed a vampire
     9 | D:1      | Noticed a merfolk
    13 | D:1      | Noticed a spriggan
    13 | D:1      | Noticed a human
    15 | D:1      | Noticed a demigod
    17 | D:1      | Noticed a minotaur
    17 | D:1      | Noticed an ogre
    19 | D:1      | Noticed a gargoyle
    19 | D:1      | Noticed a ghoul
    21 | D:1      | Noticed an octopode
    23 | D:1      | Noticed a naga
    23 | D:1      | Noticed an elf
    25 | D:1      | Noticed a tengu
    25 | D:1      | Noticed a draconian
    27 | D:1      | Noticed a formicid
   103 | D:1      | Found a faded altar of an unknown god.
   200 | D:1      | Reached XP level 2. HP: 20/27 MP: 1/1
   712 | D:1      | Reached XP level 3. HP: 33/33 MP: 2/2
  1170 | D:1      | Reached XP level 4. HP: 12/40 MP: 3/3
  1790 | D:2      | Identified the +2 ring mail "Jupnessi" {rPois rF+ Str-5
                  | Dex+6}
  1938 | D:3      | Found Wiajij's General Store.
  1947 | D:3      | Bought a scroll of noise for 11 gold pieces
  1963 | D:3      | Found a glowing golden altar of the Shining One.
  1998 | D:3      | Slain by a gnoll

Illustrated notes

Levels and vault maps discovered:
D:1:      kb_arrival_jail, layout_loops_corners,
          hellmonk_ecumenical_altar_crossroads
D:2:      layout_rooms
D:3:      layout_basic, nicolae_sif_muna_condensation, tso_metal_star,
          chequers_temple_overflow_minitemple, zin_angel, serial_shops,
          nicolae_shop_statue_plus, minivault_19

Skill      XL: |  1  2  3  4 |
---------------+-------------+-----
Fighting       | 4 |  4.2
Armour         | 4 |  4.6
Shields        | 4 |  4.2
Long Blades    | 3 4 |  4.0
Dodging        | |  0.5

Action                   |  1- 3 |  4- 6 || total
-------------------------+-------+-------++-------
Melee: Long sword        |    66 |    43 ||   109
       Headbutt          |    11 |     4 ||    15
  Use: Scroll            |     1 |       ||     1
       Potion            |     1 |       ||     1
Armor: Scale mail        |    40 |    15 ||    55
Dodge: Dodged            |    36 |    30 ||    66
Block: Buckler           |    15 |     7 ||    22
